 Dungeon Crawl Stone Soup version 0.17-a0-1718-g72dbe4d (webtiles) character file.

514 KINGKRU the Grave Robber (level 7, -8/47 HPs)
             Began as a Mummy Necromancer on Aug 25, 2015.
             Mangled by ertytr's ghost (10 damage)
             ... on level 5 of the Dungeon.
             The game lasted 00:37:24 (6473 turns).

KINGKRU the Grave Robber (Mummy Necromancer)        Turns: 6473, Time: 00:37:25

Health: -8/47      AC:  5    Str: 11    XL:     7   Next: 0%
Magic:  5/13       EV:  9    Int: 16    God:
Gold:   153        SH:  0    Dex: 13    Spells: 3 memorised, 7 levels left

rFire  x . .     SeeInvis .     m - +3 quarterstaff (chaos)
rCold  + . .     Clarity  .     a - +0 robe
rNeg   + + +     SustAt   .     (no shield)
rPois  ∞         Gourm    .     (no helmet)
rElec  .         Spirit   .     n - +2 cloak {+Inv}
rCorr  .         Warding  .     (no gloves)
rMut   .         Stasis   .     (no boots)
MR     +....                    (no amulet)
Stlth  ++........               o - ring of wizardry
                                h - ring of protection from magic

@: about to teleport, constricted, somewhat resistant to hostile enchantments,
unstealthy
A: no food or potions, fire vulnerability, cold resistance 1, negative energy
resistance 3, torment resistance, unbreathing
a: Evoke Invisibility


You were on level 5 of the Dungeon.
You were not hungry.

You visited 1 branch of the dungeon, and saw 5 of its levels.

You collected 153 gold pieces.

Inventory:

Hand weapons
 m - a +3 quarterstaff of chaos (weapon)
Armour
 a - a +0 robe (worn)
 n - a +2 cloak of invisibility (worn)
Jewellery
 h - a ring of protection from magic (left hand)
 o - a ring of wizardry (right hand)
Magical devices
 g - a wand of random effects (28)
 l - a wand of magic darts (14)
Scrolls
 c - 2 scrolls of recharging {unknown}
 d - a scroll of noise
 e - a scroll of enchant armour {unknown}
 i - a scroll of fear {unknown}
 j - a scroll of remove curse
 k - a scroll of random uselessness {unknown}
Books
 b - a book of Necromancy

   Spells                             Type                      Level
   a - Pain                           Necromancy                   1
   b - Animate Skeleton               Necromancy                   1
   c - Vampiric Draining              Necromancy                   3
   d - Regeneration                   Charms/Necromancy            3
   e - Animate Dead                   Necromancy                   4
   f - Control Undead                 Necromancy                   4


   Skills:
 + Level 0.6 Fighting
 + Level 2.5 Dodging
 + Level 1.8 Stealth
 + Level 4.5 Spellcasting
 + Level 6.4 Necromancy


You had 7 spell levels left.
You knew the following spells:

 Your Spells              Type           Power        Failure   Level  Hunger
a - Pain                  Necr           ###.         1%          1    N/A
b - Vampiric Draining     Necr           ###.......   1%          3    N/A
c - Animate Dead          Necr           N/A          4%          4    N/A

Dungeon Overview and Level Annotations

Branches:
Dungeon (5/15)
 Temple: D:4-7

Altars:
Yredelemnul

Shops:
D:5 =

Annotations:
D:5 Dowan; Duvessa; ertytr's ghost, average HOFi


Innate Abilities, Weirdness & Mutations

You do not eat or drink.
Your flesh is vulnerable to fire.
You are immune to poison.
Your flesh is cold resistant.
You are immune to negative energy.
You are immune to unholy pain and torment.
You can survive without breathing.


Message History

The ball python bites you but does no damage.
The ball python constricts you.
An adder and an orc come into view.
Casting: Pain
Confirm with . or Enter, or press ? or * to list all spells.
Aiming: Pain
Press: ? - help, Shift-Dir - straight line, f/p - ertytr's ghost
Aim: ertytr's ghost (chance to defeat MR: 70%) Ertytr's ghost is unaffected.
The ball python barely misses you. The ball python constricts you.
The orc moves out of view.
Ertytr's ghost hits you!!
* * * LOW HITPOINT WARNING * * *
Read which item? (? for menu, Esc to quit)
As you read the scroll of teleportation, it crumbles to dust.
You feel strangely unstable.
The sentinel's mark upon you fades away.
The ball python closely misses you.
* * * LOW HITPOINT WARNING * * *
The ball python constricts you. Ertytr's ghost hits you!
You die...

###########
#....@Wo..## ####
#.####SJ...## #≈≈≈#
..##.5e....#
≈...≈##.#........#
......#.#....eS..#
..∩..l#...#......#
...$..#.5.##...#.#
≈...≈##a...........
#≈≈≈##....###.....##


You could see Duvessa, Dowan, a jelly, ertytr's ghost, a crimson imp, an adder,
an orc and a ball python.

Vanquished Creatures
  An ogre (D:4)
  3 orc wizards
  Crazy Yiuf (D:3)
  Ijyb (D:2)
  A hound (D:4)
  Jessica (D:2)
  An iguana (D:4)
  2 worker ants (D:5)
  4 adders
  An ooze (D:4)
  3 worms
  4 giant geckos
  18 orcs
  6 bats
  A giant cockroach (D:5)
  3 goblins (D:1)
  8 hobgoblins
  2 ball pythons
  10 giant newts
  4 jackals (D:4)
  9 kobolds
  2 quokkas
  A quokka skeleton (D:4)
  9 rats
  A spectral orc (D:3)
97 creatures vanquished.

Vanquished Creatures (collateral kills)
  A centaur skeleton (D:4)
  An orc (D:4)
2 creatures vanquished.

Vanquished Creatures (others)
  A bat (D:1)
1 creature vanquished.

Grand Total: 100 creatures vanquished

Notes
Turn   | Place    | Note
--------------------------------------------------------------
     0 | D:1      | KINGKRU the Mummy Necromancer began the quest for the Orb.
     0 | D:1      | Reached XP level 1. HP: 13/13 MP: 3/3
   462 | D:1      | Reached XP level 2. HP: 19/19 MP: 0/5
  1547 | D:1      | Reached XP level 3. HP: 24/24 MP: 4/6
  1571 | D:1      | Learned a level 3 spell: Vampiric Draining
  1761 | D:2      | Noticed Jessica
  1775 | D:2      | Killed Jessica
  1775 | D:2      | Reached skill level 5 in Necromancy
  1854 | D:2      | Reached XP level 4. HP: 22/30 MP: 0/8
  2155 | D:2      | Noticed Ijyb
  2231 | D:2      | Killed Ijyb
  3063 | D:3      | Reached XP level 5. HP: 35/35 MP: 7/9
  3145 | D:3      | Learned a level 4 spell: Animate Dead
  3457 | D:3      | Found a basalt altar of Yredelemnul.
  4038 | D:3      | Noticed Crazy Yiuf
  4048 | D:3      | Killed Crazy Yiuf
  4838 | D:4      | Reached XP level 6. HP: 41/41 MP: 5/11
  5075 | D:4      | Noticed a sky beast
  5501 | D:4      | Reached skill level 6 in Necromancy
  6370 | D:5      | Entered Level 5 of the Dungeon
  6422 | D:5      | Found Bawixko's Jewellery Shop.
  6443 | D:5      | Reached XP level 7. HP: 45/47 MP: 6/13
  6444 | D:5      | Noticed ertytr's ghost (average HOFi)
  6464 | D:5      | Noticed Dowan
  6468 | D:5      | Noticed Duvessa
  6473 | D:5      | HP: 2/47 [ball python (1)]
  6473 | D:5      | Mangled by ertytr's ghost

Vault maps used:
D:1:      matt_arrival_los_fun, lemuel_flame_loot_1
D:2:      serial_bayou_lagoon_b, uniq_iyjb, uniq_jessica
D:3:      yredelemnul_forgotten_temple_becter, uniq_crazy_yiuf_cottage
D:5:      grunt_gozag_breadcrumbs, first_bread, nicolae_ossuary_entry_giza,
          kennysheep_windowed_goal, uniq_duvessa

Action                   |  1- 3 |  4- 6 |  7- 9 || total
-------------------------+-------+-------+-------++-------
Melee: Unarmed           |     4 |    11 |       ||    15
       Quarterstaff      |       |    11 |       ||    11
 Cast: Pain              |    75 |   165 |     6 ||   246
       Vampiric Draining |     1 |       |       ||     1
       Animate Dead      |       |     7 |       ||     7
Evoke: Wand              |       |     2 |       ||     2
  Use: Scroll            |     3 |     5 |     1 ||     9
